 Dungeon Crawl Stone Soup version 0.20.2-3-g29329e0561 (webtiles) character file.

247 Alfie the Skirmisher (level 6, -3/53 HPs)
             Began as a Hill Orc Fighter on July 24, 2023.
             Slain by an ogre
             ... wielding a +0 giant spiked club
              (17 damage)
             ... on level 4 of the Dungeon.
             The game lasted 00:07:37 (2694 turns).

Alfie the Skirmisher (Hill Orc Fighter)             Turns: 2694, Time: 00:07:37

Health: -3/53      AC: 10    Str: 26    XL:     6   Next: 11%
Magic:  6/6        EV:  8    Int:  8    God:
Gold:   84         SH: 10    Dex: 10    Spells: 5/5 levels left

rFire    . . .     SeeInvis .   a - +0 rapier
rCold    . . .     Gourm    .   c - +0 shield
rNeg     . . .     Faith    .   b - +0 scale mail
rPois    .         Spirit   .   (no helmet)
rElec    .         Reflect  .   i - +0 cloak
rCorr    .         Harm     .   j - +0 pair of gloves
MR       +....                  o - +0 pair of boots
Stlth    ..........             (no amulet)
Regen    0.2/turn               f - ring of protection from magic
MPRegen  0.1/turn               (no ring)

@: mighty
A: no striking features
a: no special abilities


You were on level 4 of the Dungeon.
You were not hungry.

You visited 1 branch of the dungeon, and saw 4 of its levels.

You collected 186 gold pieces.
You spent 102 gold pieces at shops.

Inventory:

Hand Weapons
 a - a +0 rapier (weapon)
Armour
 b - a +0 scale mail (worn)
 c - a +0 shield (worn)
 i - a +0 cloak (worn)
 j - a +0 pair of gloves (worn)
 o - a +0 pair of boots (worn)
Jewellery
 f - a ring of protection from magic (left hand)
 m - an uncursed ring of resist corrosion
 s - an uncursed ring of fire {unknown}
Wands
 w - a wand of lightning (1/15)
 B - a wand of polymorph (13/24)
Scrolls
 e - a scroll of amnesia
 u - a scroll of teleportation
 v - a scroll of remove curse
 x - a scroll of magic mapping
 y - a scroll of recharging
 C - a scroll of enchant armour {unknown}
Potions
 g - 2 potions of curing {unknown}
 h - 2 potions of brilliance {unknown}
 k - a potion of heal wounds {unknown}
 l - a potion of agility {unknown}
 n - a potion of berserk rage {unknown}
 q - 2 potions of lignification {unknown}
 r - 3 potions of haste {unknown}
 z - a potion of magic {unknown}
 A - a potion of ambrosia {unknown}
Comestibles
 p - a meat ration
 t - a bread ration


   Skills:
 + Level 4.6 Fighting
 + Level 3.9 Short Blades
 + Level 4.3 Armour
 + Level 0.7 Dodging
 + Level 0.1 Stealth
 + Level 4.4 Shields


You had 5 spell levels left.
You didn't know any spells.

Dungeon Overview and Level Annotations

Branches:
Dungeon (4/15)
 Temple: D:4-7

Altars:
Ashenzari
Hepliaklqana
Sif Muna
Vehumet
Zin
The Shining One

Shops:
D:4 *[

Portals:
Abyss: D:1***


Message History

You feel very mighty all of a sudden.
The phantom hits you but does no damage.
You puncture the ogre!
The ogre is moderately wounded.
The ogre hits you with a giant spiked club.
The phantom hits you.
You barely miss the ogre.
The ogre is moderately wounded.
The ogre hits you with a giant spiked club!
You block the phantom's attack.
You hit the ogre.
The ogre is heavily wounded.
You block the phantom's attack.
The ogre hits you with a giant spiked club!
* * * LOW HITPOINT WARNING * * *
You puncture the ogre!
The ogre is severely wounded.
You block the phantom's attack.
The ogre hits you with a giant spiked club!
You die...

##. .. .. .# ####
.#.....###### #
###########.#...........
....#..........(......####..
.........%O@....# #.........
.......%..W.....# #####?..
................# #...
$...........<...# #...
................# #...
................# #.#####8..
#+##............#.#.......†.
###...##.......####.8.∩.8
#.####...##.......## ####...


You could see a phantom and an ogre.

Vanquished Creatures
  A hound (D:4)
  An iguana (D:4)
  A worker ant (D:3)
  A gnoll (D:1)
  5 adders
  An adder skeleton (D:4)
  5 worms
  A dart slug (D:1)
  5 leopard geckos
  10 orcs (D:3)
  2 ball pythons
  5 bats
  4 giant cockroaches
  6 goblins
  10 hobgoblins
  2 jackals (D:4)
  A quokka (D:2)
  4 frilled lizards
  5 kobolds
  A leopard gecko skeleton (D:4)
  10 rats
81 creatures vanquished.

Notes
Turn   | Place    | Note
-------+----------+-------------------------------------------
     0 | D:1      | Alfie the Hill Orc Fighter began the quest for the Orb.
     0 | D:1      | Reached XP level 1. HP: 19/19 MP: 1/1
    43 | D:1      | Reached XP level 2. HP: 15/27 MP: 2/2
   324 | D:1      | Reached XP level 3. HP: 32/33 MP: 3/3
   869 | D:2      | Reached XP level 4. HP: 32/40 MP: 4/4
  1208 | D:2      | Found a glowing silver altar of Zin.
  1278 | D:2      | Found a deep blue altar of Sif Muna.
  1709 | D:3      | Found a hazy altar of Hepliaklqana.
  1709 | D:3      | Found a radiant altar of Vehumet.
  1769 | D:3      | Reached XP level 5. HP: 26/46 MP: 5/5
  2396 | D:3      | Found a shattered altar of Ashenzari.
  2530 | D:4      | Found Goyng's Armour Boutique.
  2588 | D:4      | Found Micoxker's General Store.
  2595 | D:4      | Bought a wand of lightning (1/15) for 60 gold pieces
  2595 | D:4      | Bought a scroll of magic mapping for 42 gold pieces
  2634 | D:4      | Reached XP level 6. HP: 42/53 MP: 6/6
  2643 | D:4      | Found a glowing golden altar of the Shining One.
  2680 | D:4      | Noticed a phantom
  2694 | D:4      | Slain by an ogre

Skill      XL: |  1  2  3  4 |
---------------+-------------+-----
Fighting       | 4 |  4.6
Shields        | 4 |  4.4
Short Blades   | 3 |  3.9
Armour         | 4 |  4.3
Dodging        | |  0.7
Stealth        | |  0.1

Action                   |  1- 3 |  4- 6 || total
-------------------------+-------+-------++-------
Melee: Rapier            |   109 |   228 ||   337
  Use: Scroll            |     4 |     8 ||    12
       Potion            |       |     1 ||     1
  Eat: Royal jelly       |       |     1 ||     1
       Fruit             |       |     1 ||     1
       Bread ration      |       |     1 ||     1
Armor: Scale mail        |    32 |    87 ||   119
Dodge: Dodged            |    24 |    50 ||    74
Block: Shield            |    63 |   100 ||   163
